 Dungeon Crawl Stone Soup version 0.26-a0-1197-gd68fa41eda (webtiles) character file.

Game seed: 9744926761817314044

11230 Hopman the Fighter (level 11, 0/101 HPs)
             Began as a Hill Orc Fighter on Dec 28, 2020.
             Was a Follower of the Shining One.
             Slain by a fire giant
             ... wielding a +0 great sword of flaming
             ... created by the fury of Okawaru
              (1 damage)
             ... in a bazaar.
             The game lasted 00:52:05 (10869 turns).

Hopman the Fighter (Hill Orc Fighter)              Turns: 10869, Time: 00:52:06

Health: 0/101      AC: 15    Str: 29    XL:     11   Next: 74%
Magic:  15/15      EV:  7    Int:  8    God:    the Shining One [*.....]
Gold:   437        SH: 12    Dex: 10    Spells: 12/14 levels left

rFire    + . .     SeeInvis .   a - +1 trident
rCold    . . .     Faith    .   c - +0 kite shield
rNeg     . . .     Spirit   .   k - +0 plate armour
rPois    .         Reflect  .   (no helmet)
rElec    .         Harm     .   r - +0 cloak
rCorr    .         Rampage  .   (no gloves)
Will     .....                  (no boots)
Stlth    ..........             j - amulet of regeneration
HPRegen  0.66/turn              l - +6 ring of strength
MPRegen  0.14/turn              z - ring of protection from fire

@: glowing, studying Transmutations
A: no striking features
a: Renounce Religion


You were in a bazaar.
You worshipped the Shining One.
The Shining One was aware of your devotion.
You visited 3 branches of the dungeon, and saw 13 of its levels.
You visited 1 bazaar.

You collected 644 gold pieces.
You spent 207 gold pieces at shops.

Inventory:

Hand Weapons
 a - a +1 trident (weapon)
 e - a +1 vorpal hand axe
Missiles
 n - 8 javelins (quivered)
Armour
 c - a +0 kite shield (worn)
 k - a +0 plate armour (worn)
 r - a +0 cloak (worn)
Jewellery
 j - an amulet of regeneration (around neck)
 l - a +6 ring of strength (left hand)
 o - an uncursed amulet of faith
 q - an uncursed ring of wizardry
 u - an uncursed ring of flight
 z - a ring of protection from fire (right hand)
 A - a +6 ring of intelligence
 C - an uncursed ring of protection from cold
 F - a +6 ring of intelligence
 G - an uncursed ring of magical power
Wands
 d - a wand of flame (36)
 w - a wand of digging (6)
 E - a wand of iceblast (6)
Scrolls
 b - 6 scrolls of teleportation
 g - 5 scrolls of remove curse
 h - a scroll of fog
 i - 3 scrolls of identify
 m - a scroll of summoning {unknown}
 p - 2 scrolls of enchant armour {unknown}
 s - a scroll of amnesia
 x - a scroll of enchant weapon
 D - a scroll of magic mapping
Potions
 f - a potion of curing
 t - 2 potions of flight
 v - 3 potions of ambrosia
 B - 2 potions of brilliance
Books
 y - a manual of Transmutations


   Skills:
 * Level 10.5 Fighting
 * Level 9.3 Polearms
 * Level 9.7 Armour
 * Level 9.6 Shields
 - Level 2.0 Spellcasting
 - Level 2.7 Necromancy
 + Level 5.8 Invocations
 + Level 4.7 Evocations


You had 12 spell levels left.
You knew the following spells:

 Your Spells              Type           Power        Failure   Level
a - Animate Skeleton      Necr           10%          87%         1
b - Pain                  Necr           20%          87%         1

Your spell library contained the following spells:

 Spells                   Type           Power        Failure   Level
 Freeze                   Ice            0%           99%         1
 Vampiric Draining        Necr           2%           99%         3
 Frozen Ramparts          Ice            0%           100%        3
 Ozocubu's Armour         Ice            0%           100%        3
 Animate Dead             Necr           2%           100%        4
 Hailstorm                Conj/Ice       0%           100%        4
 Summon Ice Beast         Ice/Summ       0%           100%        4
 Agony                    Necr           5%           100%        5


Dungeon Overview and Level Annotations

Branches:
Dungeon (11/15)            Temple (1/1) D:5            Lair (1/6) D:9
    Orc (0/2) D:9

Altars:
Ashenzari
Cheibriados
Dithmenos
Elyvilon
Fedhas
Gozag
Hepliaklqana
Kikubaaqudgha
Makhleb
Nemelex Xobeh
Okawaru
Qazlal
Ru
Sif Muna
Trog
Uskayaw
Vehumet
Wu Jian
Xom
Yredelemnul
Zin
The Shining One

Annotations:
D:8 1 runed translucent door


Message History

The merfolk hits you with a +0 spear!
You block the tengu warrior's attack. x2
The tengu warrior claws you but does no damage.
You block the merfolk impaler's attack. The merfolk hits you with a +0 trident!
The merfolk hits you with a +0 glaive. You block the fire giant's attack.
You hit the merfolk.
The merfolk is lightly wounded.
The merfolk impaler hits you from afar with a +0 vorpal trident!
The merfolk hits you with a +0 spear!
* * * LOW HITPOINT WARNING * * *
The tengu warrior hits you with a +0 dire flail!
* * * LOW HITPOINT WARNING * * *
The tengu warrior pecks you but does no damage.
You block the tengu warrior's attack. You block the merfolk's attack. x2
The merfolk impaler hits you but does no damage.
You puncture the merfolk!
The merfolk is moderately wounded.
The fire giant hits you with a +0 great sword of flaming!!
* * * LOW HITPOINT WARNING * * *
The fire giant burns you.
You die...

### ### ##∩## ##∩##
#C..# #...#
#####@Qm#########.⌠.##
+...mmm.....'.........
#####.⌠.#########.⌠.##
#...# #...# ##∩##
##∩## ### ###


You could see a fire giant, a merfolk impaler, a tengu warrior and 3 merfolk.

Vanquished Creatures
  Gastronok (D:9)
  2 two-headed ogres
  An orc knight (D:9)
  A deep elf mage (D:10)
  Joseph (D:9)
  A cane toad (Lair:1)
  The ghost of Beaer the Sneak, a novice VSBr of Okawaru (D:6)
  The ghost of Toastz the Skirmisher, an amateur GrFi of Fedhas (D:4)
  6 yaks
  4 wyverns
  7 orc warriors
  4 black bears (D:9)
  2 phantoms
  A sky beast (D:5)
  3 ice beasts
  4 ogres
  9 centaurs
  A big kobold (D:9)
  8 bullfrogs
  2 scorpions
  9 killer bees
  A bullfrog zombie (D:8)
  3 bullfrog skeletons
  6 jellies
  9 orc wizards
  A gnoll shaman (D:9)
  5 hounds
  8 orc priests
  Jessica (D:3)
  2 iguanas
  10 worker ants
  A killer bee zombie (D:7)
  A worker ant zombie (D:7)
  A howler monkey zombie (D:8)
  13 gnolls
  12 adders
  A howler monkey skeleton (D:5)
  A shadow imp (D:5)
  A white imp (D:7)
  A worker ant simulacrum (D:10)
  2 ufetubi
  An ooze (D:1)
  3 worms (D:3)
  3 dart slugs
  6 leopard geckos
  54 orcs
  2 ball pythons
  6 giant cockroaches
  6 goblins
  10 hobgoblins
  5 jackals
  14 kobolds
  6 quokkas
  5 bats
  3 frilled lizards
  2 quokka skeletons
  7 rats
282 creatures vanquished.

Vanquished Creatures (others)
  An unseen horror (D:7)
  2 fungi (D:9)
3 creatures vanquished.

Grand Total: 285 creatures vanquished

Notes
Turn   | Place    | Note
-------+----------+-------------------------------------------
     0 | D:1      | Hopman the Hill Orc Fighter began the quest for the Orb.
     0 | D:1      | Reached XP level 1. HP: 19/19 MP: 1/1
   212 | D:1      | Reached XP level 2. HP: 21/27 MP: 2/2
   541 | D:1      | Reached skill level 4 in Fighting
   568 | D:1      | Reached XP level 3. HP: 33/33 MP: 3/3
  1468 | D:2      | Reached XP level 4. HP: 41/41 MP: 4/4
  2075 | D:3      | Reached XP level 5. HP: 44/47 MP: 5/5
  2107 | D:3      | Found a shimmering altar of Xom.
  2107 | D:3      | Noticed Jessica
  2117 | D:3      | Killed Jessica
  2476 | D:4      | Found a white marble altar of Elyvilon.
  2787 | D:4      | Found a runed translucent gate.
  2787 | D:4      | Found a runed translucent gate.
  2788 | D:4      | Found a runed translucent gate.
  2790 | D:4      | Noticed Toastz's ghost (amateur GrFi)
  2809 | D:4      | Reached skill level 5 in Fighting
  2857 | D:4      | Reached XP level 6. HP: 56/56 MP: 6/6
  3222 | D:5      | Entered Level 5 of the Dungeon
  3253 | D:5      | Noticed a sky beast
  3253 | D:5      | Noticed a phantom
  3271 | D:5      | Killed a sky beast
  3277 | D:5      | Reached skill level 5 in Armour
  3277 | D:5      | Reached skill level 5 in Shields
  3292 | D:5      | Killed a phantom
  3293 | D:5      | Reached XP level 7. HP: 62/62 MP: 7/7
  3301 | D:5      | Found a staircase to the Ecumenical Temple.
  3626 | D:5      | Reached skill level 6 in Fighting
  3728 | D:5      | Found a basalt altar of Yredelemnul.
  3983 | Temple   | Entered the Ecumenical Temple
  4028 | Temple   | Became a worshipper of Warmaster Okawaru
  4199 | D:6      | Reached skill level 5 in Polearms
  4241 | D:6      | Found a sacrificial altar of Ru.
  4250 | D:6      | Reached XP level 8. HP: 65/71 MP: 8/8
  4350 | D:6      | Found a shadowy altar of Dithmenos.
  4376 | D:6      | Found a runed translucent gate.
  4377 | D:6      | Found a runed translucent gate.
  4377 | D:6      | Found a runed translucent gate.
  4384 | D:6      | Reached * piety under Okawaru
  4409 | D:6      | Noticed Beaer's ghost (novice VSBr)
  4880 | D:6      | Killed Beaer's ghost
  4881 | D:6      | Reached skill level 7 in Fighting
  5004 | D:4      | Killed Toastz's ghost
  5258 | D:7      | Reached XP level 9. HP: 79/79 MP: 9/9
  5294 | D:7      | Reached ** piety under Okawaru
  5318 | D:7      | Found a radiant altar of Vehumet.
  5321 | D:7      | Found a blossoming altar of Fedhas.
  5324 | D:7      | Found a snail-covered altar of Cheibriados.
  5327 | D:7      | Found a stormy altar of Qazlal.
  5544 | D:7      | Reached skill level 8 in Fighting
  5953 | D:7      | Reached skill level 1 in Invocations
  5974 | D:7      | Reached skill level 1 in Evocations
  6004 | D:7      | Reached *** piety under Okawaru
  6134 | D:7      | Noticed a two-headed ogre
  6337 | D:7      | Killed a two-headed ogre
  6338 | D:7      | Reached XP level 10. HP: 36/90 MP: 10/12
  6453 | D:7      | Reached skill level 9 in Fighting
  6506 | D:7      | Noticed a cyclops
  6522 | D:7      | Killed an unseen horror
  7246 | D:8      | Learned a level 1 spell: Animate Skeleton
  7248 | D:8      | Learned a level 1 spell: Pain
  7435 | D:8      | Found a glowing golden altar of the Shining One.
  7436 | D:8      | Found a runed translucent door.
  7436 | D:8      | Noticed an angel
  7595 | D:8      | Reached **** piety under Okawaru
  7678 | D:8      | Found a bloodstained altar of Trog.
  8082 | D:9      | Found a glowing golden altar of the Shining One.
  8082 | D:9      | Noticed Gastronok
  8146 | D:9      | Reached skill level 1 in Necromancy
  8344 | D:9      | Reached skill level 1 in Spellcasting
  8369 | D:9      | Noticed a two-headed ogre
  8384 | D:9      | Killed a two-headed ogre
  8490 | D:9      | Reached XP level 11. HP: 96/99 MP: 12/14
  8651 | D:9      | Found a staircase to the Orcish Mines.
  8689 | D:9      | Reached skill level 5 in Invocations
  8723 | D:9      | Found a staircase to the Lair.
  8972 | D:9      | Found a blossoming altar of Fedhas.
  8997 | D:9      | Noticed Joseph
  9004 | D:9      | Killed Joseph
  9004 | D:9      | Reached ***** piety under Okawaru
  9005 | D:9      | Reached skill level 10 in Fighting
  9361 | D:9      | Fell from the grace of Okawaru
  9361 | D:9      | Became a worshipper of the Shining One
  9374 | Lair:1   | Entered Level 1 of the Lair of Beasts
  9394 | Lair:1   | Noticed a centaur warrior
  9394 | Lair:1   | Noticed an orc knight
  9394 | Lair:1   | Noticed a frost giant
  9621 | D:10     | Entered Level 10 of the Dungeon
  9708 | D:9      | Killed Gastronok
 10048 | D:9      | Killed an orc knight
 10174 | D:10     | Noticed a deep elf mage
 10187 | D:10     | Killed a deep elf mage
 10363 | D:10     | Reached * piety under the Shining One
 10582 | D:9      | Noticed a fire giant
 10582 | D:9      | Noticed a merfolk javelineer
 10582 | D:9      | Noticed an orc knight
 10765 | D:11     | Found a flickering gateway to a bazaar.
 10771 | Bazaar   | Entered a bazaar
 10785 | Bazaar   | Found Esew's Weapon Emporium.
 10807 | Bazaar   | Found Jaenotysh's Weapon Emporium.
 10807 | Bazaar   | Found Riunib's Book Shoppe.
 10850 | Bazaar   | Found Nufiz's Assorted Antiques.
 10850 | Bazaar   | Found Exean's Assorted Antiques.
 10860 | Bazaar   | Bought a potion of curing for 54 gold pieces
 10860 | Bazaar   | Bought a scroll of magic mapping for 63 gold pieces
 10860 | Bazaar   | Bought an encrusted agate ring for 90 gold pieces
 10863 | Bazaar   | Noticed a fire giant
 10863 | Bazaar   | Noticed a merfolk impaler
 10863 | Bazaar   | Noticed a tengu warrior
 10869 | Bazaar   | HP: 1/101 [fire giant/+0 great sword of flaming[the fury of
                  | Okawaru] (20)]
 10869 | Bazaar   | Slain by a fire giant

Illustrated notes

Levels and vault maps discovered:
D:1:      minmay_arrival_four_circles, layout_basic, kennysheep_small_spiral,
          minmay_misc_feat_chi
D:2:      layout_loops_cross
D:3:      kennysheep_big_flooded_room, layout_rooms, xom_teletrap_fun,
          uniq_jessica
D:4:      layout_loops_ring, ebering_ghost_rock_garden, elyvilon_altar_4
D:5:      layout_loops_cross, marbit_many_paths, minmay_temple_entry_slanted,
          st_stairs_6
D:6:      layout_loops_ring, nicolae_ru_awakened_eye, grunt_dithmenos_smoke,
          ebering_ghost_rock_garden, grunt_decor_cap
D:7:      minmay_chambers_of_sevens, layout_basic,
          grunt_temple_overflow_cloverleaf, minmay_manual_mandibuliform
D:8:      layout_layer_cave, bloody_trog, lemuel_angel_altar
D:9:      layout_roguey, overflow_temple_1_default, david_lair_generic,
          david_orc_2, basic_altar, uniq_gastronok, uniq_joseph
D:10:     cheibrodos_fzero, layout_gridville, minmay_misc_feat_diagonals,
          uniq_maggie, uniq_harold
D:11:     layout_roguey, portal_ice_cave_entry_imps, serial_shops,
          bzr_entry_dummy, kennysheep_generic_room_3
Temple:   nicolae_temple_no_exploring_needed
Lair:1:   beast_lair_carwin_large_2, layout_cave_pods,
          grunt_forest_large_clearings, minmay_lair_oklob_chamber
Bazaar:   bazaar_long_row

Skill      XL: |  1  2  3  4  5  6  7  8  9 10 11 |
---------------+----------------------------------+-----
Fighting       | 4 5 6 7 8 9 10 | 10.5
Shields        | 4 5 6 8 9 |  9.6
Polearms       | 3 4 5 6 7 8 9 |  9.3
Armour         | 4 5 6 8 9 |  9.7
Invocations    | 3 4 5 |  5.8
Evocations     | 2 4 |  4.7
Necromancy     | 1 2 |  2.7
Spellcasting   | 1 2 |  2.0

Action                   |  1- 3 |  4- 6 |  7- 9 | 10-12 || total
-------------------------+-------+-------+-------+-------++-------
Melee: Trident           |   127 |   207 |   402 |   651 ||  1387
 Cast: Animate Skeleton  |       |       |       |     1 ||     1
Invok: Heroism           |       |       |       |     5 ||     5
       Finesse           |       |       |       |     1 ||     1
  Use: Scroll            |     3 |     9 |     6 |     8 ||    26
       Potion            |       |     2 |     5 |     5 ||    12
Armor: Scale mail        |     7 |       |       |       ||     7
       Plate armour      |    45 |   111 |   143 |   300 ||   599
       Skin              |       |       |       |    14 ||    14
Dodge: Dodged            |    19 |    28 |    60 |   122 ||   229
Block: Kite shield       |    43 |   113 |   203 |   402 ||   761

Table legend: (Time is in decaauts)
 A = Elapsed time spent in this place.
 B = Non-inter-level travel time spent in this place.
 C = Inter-level travel time spent in this place.
 D = Time resting spent in this place.
 E = Time spent auto-exploring this place.
 F = Levels seen in this place.
 G = Mean time per level.
                   A        B        C        D        E       F      G
               +--------+--------+--------+--------+--------+-----+--------+
         Total |  10980 |  10004 |    976 |   1998 |   4935 |  14 |  784.3 |
       Dungeon |  10811 |   9843 |    968 |   1998 |   4906 |  11 |  982.8 |
        Temple |     54 |     46 |      8 |      0 |      0 |   1 |   54.0 |
          Lair |     19 |     19 |      0 |      0 |      0 |   1 |   19.0 |
        Bazaar |     95 |     95 |      0 |      0 |     29 |   1 |   95.0 |
               +--------+--------+--------+--------+--------+-----+--------+

Top non-repeatable levels by time:
     D:9: 1862 daAuts
     D:8: 1511 daAuts
     D:7: 1474 daAuts
     D:6: 1082 daAuts
     D:1: 1020 daAuts
     D:5: 967 daAuts
     D:4: 941 daAuts
     D:2: 838 daAuts
     D:3: 655 daAuts
    D:10: 449 daAuts
  Bazaar: 95 daAuts
  Temple: 54 daAuts
  Lair:1: 19 daAuts
    D:11: 7 daAuts
